 Dungeon Crawl Stone Soup version 0.31-a0-1009-g454b1f1e0a (webtiles) character file.

Game seed: 9424858277475421273

2 Azuregosa the Sneak (level 1, 0/16 HPs)
             Began as an Octopode Delver on Nov 14, 2023.
             Slain by an orc
             ... wielding a +0 flail
              (11 damage)
             ... on level 3 of the Dungeon.
             The game lasted 00:02:07 (208 turns).

Azuregosa the Sneak (Octopode Delver)                Turns: 208, Time: 00:02:07

Health: 0/16       AC:  1    Str: 11    XL:     1   Next: 40%
Magic:  1/1        EV: 13    Int: 12    God:
Gold:   12         SH:  0    Dex: 13    Spells: 0/0 levels left

rFire   . . .        a - +0 spear
rCold   . . .        (no shield)
rNeg    . . .        (helmet restricted)
rPois   .            (no amulet)
rElec   .            (no ring)
rCorr   .            (no ring)
SInv    .            (no ring)
Will    .....        (no ring)
Stlth   ++++         (no ring)
HPRegen 0.22/turn    (no ring)
MPRegen 0.07/turn    (no ring)
                     (no ring)

%: no passive effects
@: no status effects
A: almost no armour, amphibious, 8 rings, camouflage 1, gelatinous body 1,
(nimble swimmer 1), tentacles
a: no special abilities


You were on level 3 of the Dungeon.
You visited 1 branch of the dungeon, and saw 3 of its levels.

You collected 12 gold pieces.

Inventory:

Hand Weapons
 a - a +0 spear (weapon)
Missiles
 k - 6 poisoned darts
Wands
 f - a wand of digging (3)
Scrolls
 b - a scroll of fog
 c - a scroll of revelation
 d - a scroll of fear
 h - a scroll of butterflies {unknown}
 i - a scroll of immolation {unknown}
 j - a scroll of teleportation {unknown}
 l - a scroll of identify {unknown}
Potions
 e - a potion of haste
 g - a potion of attraction {unknown}


   Skills:
 - Level 3.0 Fighting
 - Level 2.0 Polearms
 - Level 2.0 Dodging
 + Level 6.8 Stealth


You couldn't memorise any spells.
You didn't know any spells.
Your spell library contained the following spells:

 Spells                   Type           Power      Damage    Failure   Level
 Volatile Blastmotes      Fire/Tloc      0%         2d10      69%         3
 Fulminant Prism          Conj/Hex       0%         3d5       97%         4
 Iskenderun's Mystic Bla  Conj/Tloc      0%         2d3       97%         4


Dungeon Overview and Level Annotations

Branches:
Dungeon (5/15)
 Temple: D:4-7

Altars:

Annotations:
D:5 2 transporters, Ijyb


Innate Abilities, Weirdness & Mutations

You cannot wear most types of armour.
You are amphibious.
You can wear up to eight rings at the same time.
Your skin changes colour to match your surroundings (Stealth+).
Your rubbery body absorbs attacks. (AC +1, EV +1)
((You are camouflaged when in or above water. (Stealth+)))
You have tentacles for arms and can constrict up to eight enemies at once.


Message History

Found a stone staircase leading up.
Found 3 gold pieces.
You now have 3 gold pieces.
There is a stone staircase leading up here.
You climb upwards.
Found 9 gold pieces.
There is a stone staircase leading down here.
Found a book of Blasting.
You now have 12 gold pieces (gained 9).
You pick up a book of Blasting and begin reading...
You add the spells Volatile Blastmotes, Fulminant Prism and Iskenderun's Mystic Blast to your library.
Okay, then.
You open the door.
There is an open door here.
A bat comes into view.
The helpless bat fails to defend itself.
You hit the bat.
You kill the bat!
Okay, then.
l - a scroll labelled PUACWE XEOLIANT
Found a dagger.
An orc comes into view. It is wielding a +0 flail.
Found 8 gold pieces.
A giant cockroach comes into view.
The orc shouts!
Found a dark potion.
The orc completely misses you.
You hit the orc. You grab the orc.
You tentacle-slap the orc, but do no damage.
The orc is moderately wounded.
You constrict the orc, but do no damage.
The orc hits you with a +0 flail.
You hit the orc.
The orc is heavily wounded.
You constrict the orc. The giant cockroach closely misses you.
The orc closely misses you.
You barely miss the giant cockroach. You grab the giant cockroach.
You constrict the giant cockroach. You constrict the orc.
The giant cockroach closely misses you. The orc hits you with a +0 flail!
Ouch! That really hurt!
You die...

... .## ..... ...
..##....
..############......
...........##.....# #
#..........##.....#.# #
#..........##.....#.##.#
.......................#
#..........##..........#
#..........##...@B.....#
...........##...o.......
..................).....
...........#######.....!
...........# ......
....##.##### .$....
######.# ##... #.# ###
#.#


You could see an orc and a giant cockroach.

Vanquished Creatures
  A bat (D:3)
  A quokka (D:5)
2 creatures vanquished.

Notes
Turn   | Place    | Note
-------+----------+-------------------------------------------
     0 | D:5      | Azuregosa the Octopode Delver began the quest for the Orb.
     0 | D:5      | Reached XP level 1. HP: 16/16 MP: 1/1
     2 | D:5      | Noticed an iron imp
    17 | D:5      | Found a transporter.
    39 | D:5      | Noticed Ijyb
   208 | D:3      | Slain by an orc

Illustrated notes

Levels and vault maps discovered:
D:3:      minmay_wonky_spiral, layout_basic, uniq_robin
D:4:      layout_basic, mainiacjoe_overflow_paths, mainiacjoe_overflow_alcove_4
D:5:      layout_rooms, mainiacjoe_overflow_concentric_impassable,
          minmay_temple_entry_fiery, gammafunk_ghost_abyssal_escape,
          uniq_grinder, uniq_ijyb

Action                     || total
---------------------------++-------
  Melee: Spear             ||     7
         Constrict         ||     3
         Punch             ||     1
         Tentacles         ||     1
   Stab: Sleeping          ||     1
 Armour: Skin              ||     4
  Dodge: Dodged            ||     4

Table legend: (Time is in decaauts)
 A = Elapsed time spent in this place.
 B = Non-inter-level travel time spent in this place.
 C = Inter-level travel time spent in this place.
 D = Time resting spent in this place.
 E = Time spent auto-exploring this place.
 F = Levels seen in this place.
 G = Mean time per level.
                   A        B        C        D        E       F      G
               +--------+--------+--------+--------+--------+-----+--------+
         Total |    207 |    207 |      0 |     19 |     77 |   3 |   69.0 |
       Dungeon |    207 |    207 |      0 |     19 |     77 |   3 |   69.0 |
               +--------+--------+--------+--------+--------+-----+--------+

Top non-repeatable levels by time:
     D:3: 96 daAuts
     D:5: 74 daAuts
     D:4: 36 daAuts
